Map: Prion Terraces

Players

Kaldalis - Winner!

  • Race: Terran Terran
  • League: Grandmaster

CatZ

  • Race: Zerg Zerg
  • League: Grandmaster

VOD

Have the link to the VOD?

Description

4raxx crushes another na

Time

  • Played on: Nov. 24, 2015, 9:33 p.m.
  • Length: 5:11
Show
View Real Time Build Order
Export as new Build Order

Kaldalis Terran - Winner!

Build Orders:  

Get SALT Encoding   

  12  0:01  SCV  
  13  0:14  Supply Depot  
  13  0:37  Barracks  
  13  0:46  Barracks  
  13  1:03  Barracks  
  13  1:08  SCV  
  14  1:23  Marine  
  15  1:28  Barracks  
  15  1:33  Marine  
  16  1:41  Marine  
  17  1:50  Marine  
  17  1:51  Marine  
  19  1:57  Supply Depot  
  19  2:00  Marine  
  20  2:08  Marine  
  20  2:12  Marine  
  22  2:24  Marine x2  
  22  2:26  Marine  
  25  2:30  Marine  
  26  2:41  Marine  
  26  2:42  Marine  
  26  2:44  Marine  
  29  2:56  Marine  
  30  2:59  Marine  
  31  3:29  Marine  
  31  3:32  Supply Depot  
  31  3:40  Orbital Command  
  31  3:53  Marine x4  
  34  4:11  Marine x4  
  37  4:17  Orbital Command  
  36  4:29  Marine x2  
  18  4:46  Marine x2  
  18  4:47  Marine  
Show
View Real Time Build Order
Export as new Build Order

CatZ Zerg 

Build Orders: Hatch First 

Get SALT Encoding   

  12  0:01  Drone  
  13  0:08  Drone  
  14  0:17  Overlord  
  14  0:28  Drone, Extractor  
  13  0:29  Drone, Extractor  
  13  0:35  Drone  
  17  0:54  Hatchery  
  16  0:57  Drone  
  16  0:59  Drone  
  18  1:13  Spawning Pool  
  18  1:16  Drone  
  18  1:21  Drone  
  18  1:23  Extractor  
  18  1:29  Overlord  
  18  1:38  Drone  
  19  1:54  Drone  
  19  1:59  Queen  
  22  2:03  Zergling x2  
  22  2:06  Queen  
  22  2:07  Zergling x2  
  26  2:11  Drone  
  27  2:17  Drone  
  28  2:24  Drone  
  28  2:32  Zergling x2  
  28  2:35  Queen  
  31  2:40  Metabolic Boost  
  31  2:47  Spine Crawler  
  27  2:54  Overlord  
  27  3:00  Baneling Nest  
  27  3:02  Zergling x2  
  27  3:04  Zergling x2  
  27  3:13  Zergling x2  
  27  3:14  Zergling x2  
  19  3:29  Zergling x6  
  19  3:30  Zergling x2  
  21  3:55  Baneling x3  
  21  3:59  Zergling x6  
  24  4:12  Baneling  
  24  4:13  Baneling  
Tags
 
Add a new tag
Caveats
  • Supply blocks, unpowered buildings, or Contaminate may cause inaccurate times.
  • Supply counts are checked every 10 seconds.